 Dungeon Crawl Stone Soup version 0.29.1-debian-1-gc3f1650bb9 (webtiles) character file.

Game seed: 15515187316988652316

25816 zishaf the Zephyrmancer (level 13, -17/84 HPs)
             Began as a Tengu Air Elementalist on Sept 12, 2022.
             Was an Elder of Sif Muna.
             Demolished by a dream sheep (20 damage)
             ... led by a torpor snail
             ... on level 3 of the Lair of Beasts.
             The game lasted 00:35:58 (17806 turns).

zishaf the Zephyrmancer (Tengu Air Elementalist)   Turns: 17806, Time: 00:35:58

Health: -17/84     AC: 12    Str: 13    XL:     13   Next: 22%
Magic:  20/22      EV:  2    Int: 18    God:    Sif Muna [****..]
Gold:   1250       SH:  0    Dex: 15    Spells: 13/23 levels left

rFire   . . .      SeeInvis .   a - staff of air
rCold   . . .      Faith    .   E - +0 buckler
rNeg    . . .      Spirit   .   p - +2 ring mail {rPois}
rPois   +          Reflect  .   q - +2 hat
rElec   +          Harm     .   n - +1 cloak
rCorr   .          Rampage  .   (no gloves)
Will    .....                   (boots unavailable)
Stlth   ++........              B - amulet of regeneration
HPRegen 1.04/turn               h - +4 ring of protection
MPRegen 0.18/turn               v - ring of wizardry

@: about to teleport, sleeping, flying quickly and evasively, quick
A: beak, talons 3, nimble flight, camouflage 1, deformed body, sense
surroundings 1, strong 1
a: Renounce Religion, Channel Magic, Forget Spell, Divine Exegesis


You were on level 3 of the Lair of Beasts.
You worshipped Sif Muna.
Sif Muna was greatly pleased with you.
You visited 3 branches of the dungeon, and saw 16 of its levels.

You collected 1325 gold pieces.
You spent 75 gold pieces at shops.

Inventory:

Hand Weapons
 b - the +6 mace "Hell-Harrower" {protect, Will+ Int+3}
   (You found it on level 6 of the Dungeon)

   It grants its wielder temporary protection when it strikes (+7 to AC).
   Int:       It affects your intelligence (+3).
   Will:      It increases your willpower.
 l - a +0 dagger
 m - a +1 short sword of holy wrath
Missiles
 y - 9 throwing nets
Armour
 n - a +1 cloak (worn)
 p - a +2 ring mail of poison resistance (worn)
 q - a +2 hat (worn)
 C - an orb of light
 E - a +0 buckler (worn)
 L - +0 steam dragon scales
 R - a +0 robe
 T - a +3 leather armour
Magical Staves
 a - a staff of air (weapon)
Jewellery
 g - a ring of fire
 h - a +4 ring of protection (left hand)
 s - a ring of willpower
 t - a ring of willpower
 v - a ring of wizardry (right hand)
 B - an amulet of regeneration (around neck)
 M - a ring of ice
 O - a ring of positive energy
 S - a ring of protection from fire
Wands
 u - a wand of roots (11)
 A - a wand of flame (14)
 G - a wand of charming (14)
 Q - a wand of digging (2)
 W - a wand of light (6)
Scrolls
 d - 7 scrolls of blinking
 e - 4 scrolls of immolation
 f - 3 scrolls of magic mapping
 x - 3 scrolls of enchant weapon
 F - 3 scrolls of teleportation
 H - 3 scrolls of fear
 I - a scroll of enchant armour
 K - 2 scrolls of poison
 P - a scroll of torment
 U - a scroll of fog
 V - 2 scrolls of identify
Potions
 c - 4 potions of lignification
 i - 3 potions of brilliance
 j - 2 potions of cancellation
 k - 12 potions of curing
 o - a potion of invisibility
 r - 2 potions of ambrosia
 w - a potion of resistance
 z - 3 potions of attraction
 D - 2 potions of magic
 J - 2 potions of haste


   Skills:
 + Level 11.0 Fighting
 - Level 2.1 Dodging
 - Level 2.0 Stealth
 - Level 5.0 Shields
 + Level 5.6 Spellcasting
 + Level 14.1 Conjurations
 + Level 14.4 Air Magic
 - Level 8.0 Invocations


You had 13 spell levels left.
You knew the following spells:

 Your Spells              Type           Power      Damage    Failure   Level
a - Shock                 Conj/Air       100%       1d9       1%          1
b - Airstrike             Air            35%        2d(6-22)  1%          4
z - Mephitic Cloud        Conj/Pois/Air  56%        N/A       1%          3
A - Static Discharge      Conj/Air       100%       3-10/arc  1%          2

Your spell library contained the following spells:

 Spells                   Type           Power      Damage    Failure   Level
 Magic Dart               Conj           100%       1d8       1%          1
 Swiftness                Air            71%        N/A       1%          3
 Dazzling Flash           Conj/Hex       60%        N/A       2%          3
 Stone Arrow              Conj/Erth      60%        3d10      2%          3
 Iskenderun's Mystic Bla  Conj/Tloc      30%        2d8       8%          4
 Sandblast                Erth           10%        2d5       14%         1
 Call Imp                 Summ           5%         N/A       21%         2
 Passwall                 Tmut/Erth      4%         N/A       21%         2
 Gell's Gravitas          Tloc           5%         N/A       38%         3
 Lesser Beckoning         Tloc           5%         N/A       38%         3
 Teleport Other           Tloc           5%         N/A       38%         3
 Starburst                Conj/Fire      15%        6d6       71%         6
 Borgnjor's Revivificati  Necr           2%         N/A       100%        8
 Necromutation            Tmut/Necr      2%         N/A       100%        8
 Death's Door             Necr           2%         N/A       100%        9


Dungeon Overview and Level Annotations

Branches:
Dungeon (12/15)            Temple (1/1) D:6            Lair (3/5) D:11
 Shoals (0/4) Lair:3        Snake (0/4) Lair:2          Orc (0/2) D:9

Altars:
Ashenzari
Cheibriados
Dithmenos
Elyvilon
Fedhas
Gozag
Hepliaklqana
Kikubaaqudgha
Makhleb
Nemelex Xobeh
Okawaru
Qazlal
Ru
Sif Muna
Trog
Uskayaw
Vehumet
Wu Jian
Xom
Yredelemnul
Zin
The Shining One

Shops:
D:2 ?   D:4 *   D:7 (=   D:11 [

Annotations:
D:5 2 transporters, bande's ghost, novice GrFi
D:7 1 runed translucent door, gregwegmann's ghost, novice SpHu
D:12 Frances


Innate Abilities, Weirdness & Mutations

You have a beak for a mouth.
You have claws for feet.
Your magical nature lets you fly swiftly and evasively.
Your skin changes colour to match your surroundings (Stealth+).
Armour fits poorly on your strangely shaped body.
You passively map a small area around you.
Your muscles are strong. (Str +4, Int/Dex -1)


Message History

The eight-headed hydra bites you!
* * * LOW HITPOINT WARNING * * *
The eight-headed hydra closely misses you. x2
The eight-headed hydra bites you.
* * * LOW HITPOINT WARNING * * *
The eight-headed hydra bites you.
* * * LOW HITPOINT WARNING * * *
The eight-headed hydra bites you but does no damage.
The eight-headed hydra bites you!
* * * LOW HITPOINT WARNING * * *
The eight-headed hydra misses you.
You feel much better. You block the dream sheep's attack.
The eight-headed hydra barely misses you.
The eight-headed hydra bites you but does no damage.
The eight-headed hydra bites you.
* * * LOW HITPOINT WARNING * * *
The eight-headed hydra misses you.
The eight-headed hydra bites you but does no damage.
The eight-headed hydra barely misses you.
You block the eight-headed hydra's attack.
The eight-headed hydra bites you.
* * * LOW HITPOINT WARNING * * *
The eight-headed hydra attacks as you move away!
The eight-headed hydra bites you.
* * * LOW HITPOINT WARNING * * *
The eight-headed hydra barely misses you.
The eight-headed hydra bites you but does no damage.
The eight-headed hydra bites you.
* * * LOW HITPOINT WARNING * * *
The eight-headed hydra bites you but does no damage.
You block the eight-headed hydra's attack.
The eight-headed hydra bites you.
* * * LOW HITPOINT WARNING * * *
The eight-headed hydra bites you!
* * * LOW HITPOINT WARNING * * *
You feel yourself speed up.
The dream sheep shake their wool and sparkle.
You feel drowsy...
You fall asleep.
The dream sheep bites you!!
You die...

#........#* #P.......## *
##........## ,,
##.......#..# #..........#
#..........# * ,. ,
#.........## .. ,
##.......###### ## #...*
#..........##@#*P#....#
.....†.........DY##.....##
,
................Y.?w......
................Y.........
..........................
,, ,
.....>............#..#....
...................###,...
, P##..#.............# P#
##........####P## ,


P You could see an eight-headed hydra and 3 dream sheep.

Vanquished Creatures
  Fannar (D:11)
  Harold (D:11)
  2 hydras
  A centaur warrior (D:9)
  3 death yaks (D:10)
  2 two-headed ogres
  Erica (Lair:1)
  Pikel (D:8)
  3 cyclopes
  2 manticores
  2 black mambas (Lair:2)
  Maurice (D:12)
  A gargoyle (D:10)
  3 rime drakes
  5 cane toads
  3 komodo dragons (Lair:2)
  4 trolls
  A polar bear (Lair:3)
  A hornet (D:10)
  A wind drake (Lair:3)
  2 shadows
  A wraith (D:10)
  3 wyverns
  20 yaks
  Eustachio (D:4)
  2 basilisks (Lair:2)
  A steam dragon (D:10)
  8 water moccasins
  3 nagas (Lair:2)
  7 orc warriors
  4 black bears
  7 ogres
  4 wolves (Lair:2)
  6 centaurs
  A lemure (D:8)
  3 phantoms
  Blork the orc (D:6)
  4 kobold brigands
  11 bullfrogs
  4 gnoll sergeants
  3 necrophages
  3 scorpions
  3 killer bees (D:8)
  An electric eel (Lair:2)
  3 howler monkeys
  6 orc priests
  3 hounds
  4 jellies
  3 gnoll boudas
  Terence (D:3)
  4 iguanas
  Natasha (thrice) (D:3)
  4 hell rats (D:11)
  11 orc wizards
  15 gnolls
  5 adders
  A shadow imp (D:6)
  3 white imps
  An ufetubus (D:5)
  5 worms
  4 dart slugs
  37 orcs
  7 ball pythons
  6 endoplasms
  A giant cockroach (D:2)
  14 goblins
  14 hobgoblins
  14 kobolds
  4 quokkas
  7 bats
  6 frilled lizards
  11 rats
339 creatures vanquished.

Vanquished Creatures (others)
  A human (D:9)
  3 fungi
  14 plants
18 creatures vanquished.

Grand Total: 357 creatures vanquished

Notes
Turn   | Place    | Note
-------+----------+-------------------------------------------
     0 | D:1      | zishaf the Tengu Air Elementalist began the quest for the
                  | Orb.
     0 | D:1      | Reached XP level 1. HP: 10/10 MP: 4/4
   441 | D:1      | Reached XP level 2. HP: 16/16 MP: 0/6
   926 | D:1      | Reached skill level 1 in Fighting
   928 | D:1      | Reached XP level 3. HP: 20/20 MP: 2/7
   941 | D:1      | Learned a level 2 spell: Static Discharge
  1327 | D:1      | Found a faded altar of an unknown god.
  2283 | D:2      | Reached XP level 4. HP: 25/25 MP: 6/8
  2458 | D:2      | Reached skill level 5 in Air Magic
  2591 | D:2      | Found Olewis's Magic Scroll Shop.
  2601 | D:2      | Bought a scroll of blinking for 75 gold pieces
  2835 | D:3      | Noticed Terence
  3113 | D:3      | Noticed Natasha
  3118 | D:3      | Killed Natasha
  3239 | D:3      | Killed Terence
  3240 | D:3      | Gained mutation: Your magical nature lets you fly swiftly
                  | and evasively. [Tengu growth]
  3240 | D:3      | Reached XP level 5. HP: 5/30 MP: 0/10
  3511 | D:3      | Noticed Natasha
  3516 | D:3      | Killed Natasha
  3996 | D:3      | Reached XP level 6. HP: 25/36 MP: 2/11
  4091 | D:3      | Noticed Natasha
  4096 | D:3      | Killed Natasha
  4322 | D:3      | Found a blossoming altar of Fedhas.
  4369 | D:3      | Learned a level 4 spell: Airstrike
  4613 | D:4      | Found a glowing golden altar of the Shining One.
  4621 | D:4      | Identified a scroll of acquirement
  4621 | D:4      | Acquired 513 gold pieces
  4809 | D:4      | Found an ornate altar of the Wu Jian Council.
  4819 | D:4      | Found a stormy altar of Qazlal.
  4944 | D:4      | Found a sacrificial altar of Ru.
  5038 | D:4      | Found Nohisoet's Lightly-Used Armoury.
  5203 | D:4      | Found a radiant altar of Vehumet.
  5314 | D:4      | Reached skill level 5 in Conjurations
  5314 | D:4      | Reached XP level 7. HP: 19/41 MP: 7/12
  6018 | D:5      | Entered Level 5 of the Dungeon
  6142 | D:5      | Found a transporter.
  6143 | D:5      | Found a transporter.
  6143 | D:5      | Noticed bande's ghost (novice GrFi)
  6153 | D:5      | Identified the +8 dire flail "Qyranw Maiv" {holy, Will++
                  | Dex+3}
  6161 | D:5      | Noticed Eustachio
  6179 | D:4      | Killed Eustachio
  6180 | D:4      | Reached XP level 8. HP: 22/48 MP: 1/13
  6419 | D:5      | Reached skill level 5 in Fighting
  7344 | D:5      | Found a hazy altar of Hepliaklqana.
  7376 | D:5      | Found a hide-covered altar of Uskayaw.
  7611 | D:6      | Reached XP level 9. HP: 52/55 MP: 7/14
  7827 | D:6      | Found a bloodstained altar of Trog.
  8385 | D:6      | Found a glowing silver altar of Zin.
  8466 | D:6      | Noticed Blork the orc
  8472 | D:6      | Killed Blork the orc
  8479 | D:6      | Found a staircase to the Ecumenical Temple.
  8488 | Temple   | Entered the Ecumenical Temple
  8672 | Temple   | Became a worshipper of Sif Muna the Loreminder
  8739 | D:6      | Identified the +6 mace "Hell-Harrower" {protect, Will+
                  | Int+3}
  8770 | D:6      | Found an opulent altar of Gozag.
  8958 | D:7      | Found Catwicirgh's Jewellery Emporium.
  8989 | D:7      | Reached skill level 10 in Air Magic
  9004 | D:7      | Reached skill level 1 in Invocations
  9334 | D:7      | Reached * piety under Sif Muna
  9338 | D:7      | Found Ecwuy's Weapon Shoppe.
  9485 | D:7      | Found a runed translucent door.
  9485 | D:7      | Noticed gregwegmann's ghost (novice SpHu)
  9512 | D:7      | Reached skill level 1 in Shields
  9669 | D:7      | Reached XP level 10. HP: 41/63 MP: 9/17
  9861 | D:8      | Noticed Pikel
  9867 | D:8      | Killed Pikel
  9953 | D:8      | Reached skill level 10 in Conjurations
 10012 | D:7      | Found a white marble altar of Elyvilon.
 10013 | D:7      | Found a broken altar of Ashenzari.
 10220 | D:7      | Reached ** piety under Sif Muna
 10288 | D:7      | Learned a level 3 spell: Mephitic Cloud
 10477 | D:8      | Found a sparkling altar of Nemelex Xobeh.
 10510 | D:8      | Found an iron altar of Okawaru.
 11313 | D:9      | Noticed a centaur warrior
 11319 | D:9      | Reached skill level 5 in Spellcasting
 11322 | D:9      | Killed a centaur warrior
 11485 | D:8      | Reached XP level 11. HP: 35/68 MP: 12/19
 11814 | D:9      | Found a staircase to the Orcish Mines.
 11923 | D:9      | Found an ancient bone altar of Kikubaaqudgha.
 12203 | D:10     | Entered Level 10 of the Dungeon
 12637 | D:10     | Reached *** piety under Sif Muna
 12639 | D:10     | Reached skill level 5 in Shields
 12845 | D:10     | Reached skill level 5 in Invocations
 12989 | D:11     | Noticed Fannar
 12995 | D:11     | Killed Fannar
 13078 | D:11     | Noticed a two-headed ogre
 13106 | D:11     | Killed a two-headed ogre
 13248 | D:11     | Noticed a cyclops
 13254 | D:11     | Noticed a death yak
 13255 | D:11     | Noticed a death yak
 13279 | D:11     | Noticed a cyclops
 13279 | D:11     | Found Toamiu's Armour Boutique.
 13285 | D:11     | Killed a cyclops
 13390 | D:11     | Noticed Harold
 13513 | D:11     | Killed a cyclops
 13569 | D:11     | Killed Harold
 13758 | D:11     | Found a staircase to the Lair.
 13776 | D:11     | Noticed a death yak
 13918 | D:10     | Killed a death yak
 13919 | D:10     | Reached XP level 12. HP: 63/76 MP: 10/20
 14113 | D:10     | Killed a death yak
 14230 | D:10     | Killed a death yak
 14540 | D:12     | Identified the +0 robe of Cec Usybluw {rPois rF+}
 14623 | D:12     | Noticed a two-headed ogre
 14651 | D:12     | Noticed Maurice
 14697 | D:12     | Killed Maurice
 14922 | D:12     | Killed a two-headed ogre
 14923 | D:12     | Reached skill level 10 in Fighting
 14923 | D:12     | Noticed Frances
 15037 | Lair:1   | Entered Level 1 of the Lair of Beasts
 15192 | Lair:1   | Reached **** piety under Sif Muna
 15552 | Lair:1   | Noticed Erica
 15559 | Lair:1   | Killed Erica
 16240 | Lair:2   | Found a staircase to the Snake Pit.
 16312 | Lair:2   | Noticed a four-headed hydra
 16320 | Lair:2   | Killed a four-headed hydra
 16628 | Lair:2   | Reached XP level 13. HP: 35/83 MP: 7/21
 17627 | Lair:3   | Gained mutation: You are partially covered in iridescent
                  | scales. (AC +2) [potion of mutation]
 17627 | Lair:3   | Gained mutation: You are dopey. (Int -2) [potion of
                  | mutation]
 17627 | Lair:3   | Gained mutation: You are agile. (Dex +4, Str/Int -1)
                  | [potion of mutation]
 17628 | Lair:3   | Lost mutation: You are agile. (Dex +4, Str/Int -1) [potion
                  | of mutation]
 17628 | Lair:3   | Lost mutation: You are partially covered in iridescent
                  | scales. (AC +2) [potion of mutation]
 17628 | Lair:3   | Gained mutation: Your muscles are strong. (Str +4, Int/Dex
                  | -1) [potion of mutation]
 17628 | Lair:3   | Gained mutation: You are frail. (-10% HP) [potion of
                  | mutation]
 17628 | Lair:3   | Gained mutation: You have a pair of small horns on your
                  | head. [potion of mutation]
 17629 | Lair:3   | Lost mutation: You have a pair of small horns on your head.
                  | [potion of mutation]
 17629 | Lair:3   | Lost mutation: You are dopey. (Int -2) [potion of mutation]
 17629 | Lair:3   | Gained mutation: Armour fits poorly on your strangely
                  | shaped body. [potion of mutation]
 17630 | Lair:3   | Lost mutation: Your muscles are strong. (Str +4, Int/Dex
                  | -1) [potion of mutation]
 17630 | Lair:3   | Lost mutation: You are frail. (-10% HP) [potion of
                  | mutation]
 17630 | Lair:3   | Gained mutation: Your muscles are strong. (Str +4, Int/Dex
                  | -1) [potion of mutation]
 17630 | Lair:3   | Gained mutation: You passively map a small area around you.
                  | [potion of mutation]
 17630 | Lair:3   | Gained mutation: Your skin changes colour to match your
                  | surroundings (Stealth+). [potion of mutation]
 17708 | Lair:3   | Found a staircase to the Shoals.
 17804 | Lair:3   | HP: 1/84 [eight-headed hydra (10)]
 17806 | Lair:3   | Demolished by a dream sheep

Illustrated notes

Levels and vault maps discovered:
D:1:      grunt_arrival_crossed_arrows, layout_basic,
          chequers_ecumenical_altar_simple_redux, minmay_misc_feat_more_columns,
          chequers_big_river
D:2:      layout_basic, serial_shops, nicolae_lakefront_shop,
          minmay_increasing_density
D:3:      layout_loops_ring, lemuel_round_altar, uniq_terence, uniq_natasha
D:4:      layout_cave_pods, mainiacjoe_overflow_cross_hatched,
          mainiacjoe_overflow_swirl, nicolae_overflow_crystal_walls,
          nicolae_ru_path_of_blood, minmay_shop_damaged, serial_bayou_crossing
D:5:      minmay_spotlight, layout_basic, mainiacjoe_overflow_big_doors,
          gammafunk_ghost_smash, hangedman_decor_diamond_cutter, uniq_eustachio
D:6:      layout_gridville, grunt_gozag_statues, lemuel_tele_altar,
          trog_hazing_becter, minmay_temple_entry_mist, minmay_holes,
          serial_bayou_pond_a, uniq_blork_the_orc
D:7:      minmay_bubble_buster, layout_loops_cross,
          gammafunk_temple_overflow_statue, gammafunk_ghost_grave, serial_shops,
          nicolae_take_the_stairs, minmay_shop_enchanted_jewellery
D:8:      layout_loops_cross, kennysheep_mini,
          nemelex_xobeh_ov_fountains_minmay, uniq_pikel
D:9:      layout_basic, tgw_kikubaaqudgha,
          kennysheep_orc_monster_closet_entryway
D:10:     layout_roguey, minmay_misc_feat_cross
D:11:     layout_cave_pools, dpeg_lair_monsters, serial_shops, shop,
          dk_noncrumbling_2, uniq_harold, uniq_fannar
D:12:     layout_cross, uniq_maurice, uniq_frances
Temple:   hellmonk_temple_flake
Lair:1:   layout_chaotic_city, uniq_erica
Lair:2:   layout_misc_corridors, minmay_snake_entry_guardpost_small,
          nicolae_lair_lil_pond, infiniplex_staircase_pool
Lair:3:   layout_hall_layers, minmay_shoals_entry_beasts, serial_bayou_pond_d

Skill      XL: |  1  2  3  4  5  6  7  8  9 10 11 12 13 |
---------------+----------------------------------------+-----
Conjurations   | 2 3 5 6 8 9 10 12 13 14 | 14.1
Fighting       | 1 2 3 4 6 7 8 9 10 11 | 11.0
Air Magic      | 5 6 7 9 10 11 12 14 | 14.4
Spellcasting   | 3 4 5 |  5.6
Invocations    | 2 4 6 7 8 |  8.0
Shields        | 2 4 5 |  5.0
Dodging        | |  2.1
Stealth        | |  2.0

Action                   |  1- 3 |  4- 6 |  7- 9 | 10-12 | 13-15 || total
-------------------------+-------+-------+-------+-------+-------++-------
Melee: Unarmed           |     6 |       |       |       |       ||     6
       Kick              |     4 |     7 |    31 |    34 |     2 ||    78
       Short sword       |    14 |    24 |    40 |       |       ||    78
       Peck              |     3 |     4 |    23 |    22 |     1 ||    53
       Dagger            |     1 |       |       |       |       ||     1
       Punch             |     1 |       |       |       |       ||     1
       Mace              |       |       |    64 |    98 |     3 ||   165
       Staff             |       |       |       |       |     2 ||     2
 Cast: Shock             |    74 |    77 |     2 |    14 |       ||   167
       Static Discharge  |       |    20 |    86 |   234 |    40 ||   380
       Mephitic Cloud    |       |       |       |     5 |       ||     5
       Airstrike         |       |       |       |     3 |       ||     3
Evoke: Wand              |       |       |     4 |       |       ||     4
  Use: Scroll            |       |     8 |     6 |    11 |     2 ||    27
       Potion            |       |       |       |       |     5 ||     5
 Stab: Sleeping          |     1 |       |       |       |       ||     1
Armor: Ring mail         |    18 |    13 |   105 |    84 |    22 ||   242
       Robe              |     1 |       |       |       |       ||     1
       Steam dragon scal |       |       |       |    24 |       ||    24
Dodge: Dodged            |    26 |    28 |   132 |   162 |    45 ||   393
Block: Buckler           |       |       |    18 |    86 |    12 ||   116
